Map: Coda LE (Void)

Players

Apollo

  • Race: Zerg Zerg

Bop - Winner!

  • Race: Protoss Protoss

VOD

Have the link to the VOD?

Description

Time

  • Played on: May 6, 2015, 6:26 a.m.
  • Length: 7:16
Show
View Real Time Build Order
Export as new Build Order

Apollo Zerg 

Build Orders: Pool First 

Get SALT Encoding   

  12  0:01  Drone  
  13  0:14  Overlord  
  13  0:25  Drone  
  14  0:33  Drone x2  
  16  0:39  Drone  
  17  0:47  Drone  
  18  0:55  Spawning Pool  
  17  0:58  Drone  
  18  1:16  Hatchery  
  17  1:21  Overlord  
  17  1:41  Queen  
  17  1:42  Zergling x6  
  22  1:53  Drone  
  23  2:04  Drone  
  24  2:16  Hatchery  
  24  2:20  Queen  
  25  2:25  Drone  
  25  2:29  Drone x2  
  28  2:38  Drone  
  28  2:39  Queen  
  31  2:45  Drone  
  32  2:52  Drone x3  
  32  2:54  Drone  
  32  2:56  Extractor  
  32  2:57  Extractor  
  33  3:02  Drone x2  
  33  3:05  Drone  
  36  3:25  Overlord x2  
  36  3:27  Queen  
  36  3:30  Drone  
  36  3:31  Drone x3  
  41  3:39  Overlord  
  41  3:47  Drone x2  
  41  3:48  Roach Warren  
  42  3:50  Drone  
  42  3:59  Drone x4  
  42  4:01  Drone  
  43  4:11  Zergling x2  
  43  4:12  Zergling x6  
  46  4:18  Drone  
  46  4:19  Drone  
  46  4:20  Drone  
  48  4:26  Drone x2  
  48  4:27  Drone x2  
  51  4:40  Drone  
  51  4:41  Drone x6  
  58  4:46  Metabolic Boost  
  58  4:52  Evolution Chamber  
  57  4:57  Zergling x10  
  57  4:58  Zergling x2  
  60  5:00  Roach  
  60  5:05  Roach x2  
  64  5:11  Overlord x2  
  64  5:13  Roach  
  63  5:16  Roach  
  61  5:21  Roach  
  61  5:22  Roach  
  61  5:24  Roach  
  62  5:30  Drone  
  62  5:32  Drone  
  62  5:33  Drone x4  
  65  5:42  Roach x2  
  63  5:56  Roach x5  
  71  6:09  Drone x5  
  71  6:10  Drone  
  50  6:22  Drone  
  50  6:23  Drone  
  49  6:28  Drone  
  42  6:45  Drone  
  41  6:51  Drone  
Show
View Real Time Build Order
Export as new Build Order

Bop Protoss - Winner!

Build Orders: Nexus First, Mass Adepts 

Get SALT Encoding   

  12  0:01  Probe  
  13  0:13  Probe  
  14  0:43  Nexus  
  14  0:52  Pylon  
  14  1:10  Probe (Chrono Boost), Gateway  
  15  1:20  Probe (Chrono Boost)  
  16  1:26  Assimilator  
  16  1:27  Probe (Chrono Boost)  
  17  1:39  Probe (Chrono Boost)  
  19  1:47  Probe (Chrono Boost)  
  19  1:56  Probe  
  19  1:57  Zealot  
  19  1:59  Cybernetics Core  
  19  2:00  Pylon  
  22  2:08  Probe x2 (Chrono Boost)  
  24  2:22  Gateway  
  24  2:29  Probe (Chrono Boost)  
  26  2:34  Probe (Chrono Boost)  
  26  2:36  Warp Gate  
  26  2:38  Adept (Chrono Boost)  
  26  2:39  Probe (Chrono Boost)  
  26  2:43  Probe (Chrono Boost)  
  29  2:46  Probe  
  30  2:53  Probe  
  30  2:54  Gateway  
  31  3:06  Pylon  
  31  3:09  Adept (Chrono Boost)  
  35  3:17  Adept (Chrono Boost)  
  36  3:23  Probe (Chrono Boost)  
  36  3:24  Probe (Chrono Boost)  
  37  3:29  Adept, Pylon  
  40  3:35  Probe (Chrono Boost)  
  40  3:37  Adept  
  43  3:42  Probe (Chrono Boost)  
  43  3:43  Probe (Chrono Boost)  
  44  3:50  Probe (Chrono Boost)  
  44  3:51  Probe (Chrono Boost)  
  46  4:00  Probe (Chrono Boost)  
  48  4:04  Adept x2  
  48  4:06  Probe (Chrono Boost)  
  52  4:12  Probe  
  52  4:16  Gateway x2  
  51  4:17  Gateway  
  51  4:20  Gateway  
  51  4:24  Probe  
  52  4:25  Probe  
  52  4:29  Pylon  
  51  4:36  Probe  
  52  4:40  Pylon  
  52  4:41  Pylon  
  52  4:53  Adept x3  
  58  5:05  Pylon x2  
  58  5:25  Adept x6  
  58  5:26  Adept  
  61  5:54  Adept x2  
  61  5:55  Adept x4  
  69  6:11  Assimilator  
  69  6:12  Probe x2, Assimilator x2  
  69  6:24  Probe (Chrono Boost)  
  70  6:26  Probe (Chrono Boost)  
  65  6:35  Probe (Chrono Boost), Pylon  
  65  6:36  Probe (Chrono Boost)  
  65  6:38  Pylon  
  59  6:41  Stalker x4, Probe (Chrono Boost)  
  59  6:43  Probe  
  69  6:49  Forge  
  69  7:07  Stalker x4  
  75  7:14  Pylon  
Tags
 
Add a new tag
Caveats
  • Supply blocks, unpowered buildings, or Contaminate may cause inaccurate times.
  • Supply counts are checked every 10 seconds.